 Dungeon Crawl Stone Soup version 0.26.0-90-g5fd8617961 (webtiles) character file.

Game seed: 17278528332564851775

56064 Gnirx the Earth Mage (level 14, 0/86 HPs)
             Began as a Gargoyle Earth Elementalist on Feb 2, 2021.
             Was an Elder of Vehumet.
             Killed by divine providence
             ... invoked by an orc priest
              (14 damage)
             ... on level 1 of the Orcish Mines.
             The game lasted 01:24:03 (31490 turns).

Gnirx the Earth Mage (Gargoyle Earth Elementalist) Turns: 31490, Time: 01:24:03

Health: 0/86       AC: 21    Str: 11    XL:     14   Next: 80%
Magic:  28/33      EV: 10    Int: 22    God:    Vehumet [****..]
Gold:   1168       SH: 11    Dex: 10    Spells: 11/43 levels left

rFire    . . .     SeeInvis +   (no weapon)
rCold    . . .     Faith    .   l - +3 kite shield
rNeg     + . .     Spirit   .   A - +2 robe {Will+}
rPois    ∞         Reflect  .   (no helmet)
rElec    +         Harm     .   (no cloak)
rCorr    .         Rampage  .   j - +2 pair of gloves
Will     ++...                  (no boots)
Stlth    ++........             E - amulet of magic regeneration
HPRegen  0.24/turn              i - ring of see invisible
MPRegen  0.48/turn              p - +4 ring of protection

@: no status effects
A: big wings, negative energy resistance 1, electricity resistance, unbreathing,
petrification resistance, miasma immunity, AC +10
a: Fly, Renounce Religion


You were on level 1 of the Orcish Mines.
You worshipped Vehumet.
Vehumet was greatly pleased with you.
You visited 4 branches of the dungeon, and saw 19 of its levels.

You collected 1168 gold pieces.

Inventory:

Hand Weapons
 v - a +1 flail of protection
 H - a +0 morningstar
 J - a +3 shortbow
Missiles
 q - 235 arrows
 z - 245 stones
Armour
 j - a +2 pair of gloves (worn)
 l - a +3 kite shield (worn)
 A - a +2 robe of willpower (worn)
 Y - a +2 robe of fire resistance
Jewellery
 d - an uncursed amulet of regeneration
 e - the ring "Nempoif" {*Slow rPois Int+5 SInv, unknown}
   (You found it on level 6 of the Lair of Beasts)

   [ring of see invisible]

   It affects your intelligence (+5).
   It protects you from poison.
   It lets you see invisible.
   It may slow you when you take damage.
 i - a ring of see invisible (left hand)
 p - a +4 ring of protection (right hand)
 s - an uncursed ring of flight
 u - a +6 ring of dexterity
 x - an uncursed ring of poison resistance
 E - an amulet of magic regeneration (around neck)
 R - an uncursed ring of resist corrosion
 U - an uncursed ring of willpower
 V - a -4 ring of evasion
 Z - an uncursed ring of willpower
Wands
 a - a wand of digging (13)
 o - a wand of disintegration (45)
 t - a wand of iceblast (9)
 w - a wand of paralysis (40)
 F - a wand of acid (7)
 G - a wand of flame (15)
 I - a wand of polymorph (20)
 K - a wand of random effects (18)
Scrolls
 B - 4 scrolls of remove curse
 C - 4 scrolls of amnesia
 P - 2 scrolls of identify
 Q - 2 scrolls of fog
 T - 2 scrolls of teleportation
 W - a scroll of immolation
 X - a scroll of magic mapping
Potions
 b - 10 potions of curing
 c - 2 potions of lignification
 f - 3 potions of brilliance
 g - a potion of flight {unknown}
 h - 4 potions of invisibility
 k - 2 potions of degeneration
 m - 2 potions of haste
 n - 5 potions of attraction
 r - 8 potions of ambrosia
 D - 2 potions of heal wounds
 L - a potion of might
 N - 2 potions of magic
Miscellaneous
 y - a tin of tremorstones (2/2)
 M - a phial of floods


   Skills:
 * Level 9.6 Fighting
 - Level 1.5 Dodging
 - Level 2.1 Stealth
 + Level 4.8 Shields
 + Level 15.0 Spellcasting
 - Level 5.5 Conjurations
 - Level 0.7 Transmutations
 + Level 17.9 Earth Magic
 + Level 0.7 Evocations


You had 11 spell levels left.
You knew the following spells:

 Your Spells              Type           Power        Failure   Level
a - Sandblast             Erth           100%         0%          1
b - Passwall              Tmut/Erth      45%          1%          2
c - Stone Arrow           Conj/Erth      100%         1%          3
d - Foxfire               Conj/Fire      100%         1%          1
e - Lee's Rapid Deconstr  Erth           38%          1%          5
f - Inner Flame           Hex/Fire       16%          11%         3
g - Sticky Flame          Conj/Fire      28%          11%         4
h - Petrify               Tmut/Erth      55%          2%          4
i - Ignite Poison         Fire/Tmut/Pois 17%          10%         3
j - Iron Shot             Conj/Erth      31%          4%          6

Your spell library contained the following spells:

 Spells                   Type           Power        Failure   Level
 Summon Small Mammal      Summ           64%          13%         1
 Call Imp                 Summ           16%          21%         2
 Fireball                 Conj/Fire      14%          28%         5
 Call Canine Familiar     Summ           16%          36%         3
 Summon Guardian Golem    Hex/Summ       16%          36%         3
 Summon Ice Beast         Ice/Summ       16%          78%         4
 Summon Lightning Spire   Summ/Air       16%          78%         4
 Starburst                Conj/Fire      14%          82%         6
 Ignition                 Fire           8%           100%        8


Dungeon Overview and Level Annotations

Branches:
Dungeon (11/15)            Temple (1/1) D:6            Lair (6/6) D:11
  Swamp (0/4) Lair:2        Snake (0/4) Lair:4          Orc (1/2) D:11
  Slime: Lair:5-6

Altars:
Ashenzari
Cheibriados
Dithmenos
Elyvilon
Fedhas
Gozag
Hepliaklqana
Kikubaaqudgha
Makhleb
Nemelex Xobeh
Okawaru
Qazlal
Ru
Sif Muna
Trog
Uskayaw
Vehumet
Wu Jian
Xom
Yredelemnul
Zin
The Shining One

Shops:
D:4 [(}   D:5 *   D:7 *

Annotations:
D:3 2 transporters
Lair:1 exclusion: oklob plant
Lair:4 1 runed translucent door, Lutiheq's ghost, journeyman DrTm
Lair:5 1 runed translucent door, exclusion: oklob plant, Qoypruj's ghost, journeyman MiGl
Lair:6 1 runed translucent door, Fafes's ghost, journeyman DrFE
Orc:1 Jorgrun


Innate Abilities, Weirdness & Mutations

You are resistant to torment.
Your stone body is resilient. (AC +10)
You are immune to poison.
Your large and strong wings let you fly indefinitely.
You resist negative energy. (rN+)
You are resistant to electric shocks. (rElec)
You can survive without breathing.
You are immune to petrification.
You are immune to miasma.


Message History

Aiming: Stone Arrow (safe; 1% risk of failure)
Press: ? - help, Q - select action, (/) - cycle Shift-Dir - straight line, f - orc warrior
Aim: an orc warrior, wielding a +0 glaive and wearing a +0 plate armour (22% to evade)
The stone arrow misses the orc warrior.
Aiming: Stone Arrow (safe; 1% risk of failure)
Press: ? - help, Q - select action, (/) - cycle Shift-Dir - straight line, f/p - orc warrior
Aim: an orc warrior, wielding a +0 glaive and wearing a +0 plate armour (22% to evade)
The stone arrow misses the orc warrior.
The stone arrow hits Jorgrun!!
Jorgrun is lightly wounded.
The orc knight shoots a bolt.
The bolt barely misses you.
Jorgrun points at you and mumbles some strange words.
You shatter!!
The orc warrior hits you from afar with a +0 glaive!!
* * * LOW HITPOINT WARNING * * *
You hear a shout! x3
The orc knight shoots a bolt.
You block the bolt.
The orc warrior hits you but does no damage.
The orc priest invokes the aid of Beogh against you.
Beogh smites you!
You die...

### ##..###
#.....##
##.o....####
.#......#@((##
........$(...#
.#.)..ooo..##
.....o.#$..##
....$.#..g.#
#...#.#...##
.#......... #
.......).
o.........o


You could see Jorgrun, an orc knight, an orc warrior, an orc priest, an orc
wizard and an orc.

Vanquished Creatures
  Kirke (Lair:4)
  A stone giant (Orc:1)
  Snorg (D:11)
  Josephine (Lair:4)
  2 boulder beetles
  4 hydras
  Erica (D:9)
  7 catoblepae
  3 two-headed ogres
  5 death yaks
  An unseen horror (D:11)
  Pikel (D:4)
  An orc knight (D:11)
  3 manticores
  6 elephants
  Joseph (D:8)
  7 black mambas
  2 centaur skeletons
  2 gargoyles (D:11)
  8 cane toads
  6 komodo dragons
  3 rime drakes
  A polar bear (Lair:3)
  A queen bee (Lair:3)
  A troll (D:11)
  Grinder (D:5)
  14 blink frogs
  2 wyverns
  A vampire (D:10)
  4 wraiths
  58 yaks
  2 basilisks
  2 hogs (Lair:5)
  A steam dragon (Lair:2)
  A warg (D:11)
  Grum (D:8)
  Menkaure (D:7)
  3 nagas (Lair:4)
  Edmund (D:3)
  24 water moccasins
  6 black bears
  3 ice beasts
  9 orc warriors
  4 sky beasts
  4 ogres
  4 centaurs
  A necrophage (D:8)
  8 wolves
  A big kobold (D:10)
  14 bullfrogs
  A wyvern skeleton (D:10)
  A water moccasin skeleton (D:11)
  6 scorpions
  39 killer bees
  A wight (D:8)
  A howler monkey (D:4)
  2 electric eels
  A quasit (D:11)
  A gnoll shaman (D:7)
  A bullfrog zombie (D:5)
  6 hounds
  8 jellies
  5 orc priests
  5 orc wizards
  3 bullfrog skeletons
  Ijyb (D:5)
  2 iguanas (D:11)
  12 hell rats
  4 worker ants
  A hound zombie (D:7)
  6 gnolls
  7 adders
  2 shadow imps
  4 white imps
  An ufetubus (D:5)
  15 oozes
  An adder zombie (D:8)
  An adder skeleton (D:4)
  A worm (D:2)
  2 dart slugs
  4 leopard geckos
  46 orcs
  2 ball pythons (D:1)
  13 bats
  3 giant cockroaches
  6 hobgoblins
  4 jackals (D:10)
  5 quokkas
  A frilled lizard (D:4)
  6 goblins
  9 kobolds
  A leopard gecko skeleton (D:5)
  6 rats
487 creatures vanquished.

Vanquished Creatures (others)
  4 foxfires
  79 fungi
  110 plants
193 creatures vanquished.

Grand Total: 680 creatures vanquished

Notes
Turn   | Place    | Note
-------+----------+-------------------------------------------
     0 | D:1      | Gnirx the Gargoyle Earth Elementalist began the quest for
                  | the Orb.
     0 | D:1      | Reached XP level 1. HP: 10/10 MP: 3/3
   343 | D:1      | Reached skill level 4 in Earth Magic
   410 | D:1      | Reached XP level 2. HP: 6/15 MP: 0/5
  1507 | D:2      | Reached XP level 3. HP: 18/19 MP: 4/6
  1727 | D:2      | Reached skill level 5 in Earth Magic
  1755 | D:2      | Reached XP level 4. HP: 21/24 MP: 4/8
  2248 | D:3      | Found a transporter.
  2260 | D:3      | Found a transporter.
  3804 | D:4      | Noticed a sky beast
  4020 | D:4      | Killed a sky beast
  4021 | D:4      | Reached skill level 1 in Shields
  4021 | D:4      | Reached XP level 5. HP: 11/28 MP: 8/10
  4221 | D:4      | Found Cuotae's Gadget Boutique.
  4262 | D:4      | Noticed Edmund
  4395 | D:3      | Killed Edmund
  4396 | D:3      | Reached skill level 6 in Earth Magic
  4396 | D:3      | Reached XP level 6. HP: 9/32 MP: 6/12
  4806 | D:4      | Found Xin Ykky's Antique Weapon Emporium.
  4879 | D:4      | Found Motosota's Armour Shop.
  4959 | D:3      | Learned a level 2 spell: Passwall
  4963 | D:3      | Learned a level 3 spell: Stone Arrow
  5694 | D:4      | Reached skill level 7 in Earth Magic
  5694 | D:4      | Reached XP level 7. HP: 28/36 MP: 9/14
  5909 | D:4      | Reached skill level 5 in Spellcasting
  6182 | D:5      | Entered Level 5 of the Dungeon
  6417 | D:5      | Reached XP level 8. HP: 11/41 MP: 11/16
  6433 | D:5      | Noticed Pikel
  6712 | D:4      | Killed Pikel
  6713 | D:4      | Reached skill level 8 in Earth Magic
  6842 | D:4      | Reached skill level 9 in Earth Magic
  7553 | D:5      | Reached skill level 1 in Conjurations
  7624 | D:5      | Found a basalt altar of Yredelemnul.
  7637 | D:5      | Noticed Grinder
  7657 | D:5      | Killed Grinder
  7658 | D:5      | Reached XP level 9. HP: 42/45 MP: 4/20
  7960 | D:5      | Noticed Ijyb
  7978 | D:5      | Killed Ijyb
  8089 | D:5      | Found Akhety Misu's Serpentskin Sales.
  8102 | D:5      | Reached skill level 10 in Earth Magic
  8555 | D:6      | Found a staircase to the Ecumenical Temple.
  9190 | Temple   | Entered the Ecumenical Temple
  9253 | Temple   | Became a worshipper of Vehumet
 10199 | D:7      | Noticed Menkaure
 10285 | D:7      | Killed Menkaure
 10286 | D:7      | Found Omoem's Elemental Accessories.
 10709 | D:8      | Found a stormy altar of Qazlal.
 10858 | D:8      | Reached * piety under Vehumet
 10858 | D:8      | Offered knowledge of Foxfire by Vehumet.
 10859 | D:8      | Reached XP level 10. HP: 50/50 MP: 10/22
 10862 | D:8      | Reached skill level 5 in Conjurations
 10914 | D:8      | Learned a level 1 spell: Foxfire
 10994 | D:8      | Reached skill level 11 in Earth Magic
 11090 | D:8      | Learned a level 5 spell: Lee's Rapid Deconstruction
 11764 | D:8      | Noticed a two-headed ogre
 11781 | D:8      | Killed a two-headed ogre
 11908 | D:8      | Noticed Grum
 11942 | D:8      | Killed Grum
 12366 | D:8      | Noticed Joseph
 12371 | D:8      | Killed Joseph
 12372 | D:8      | Reached skill level 12 in Earth Magic
 12462 | D:8      | Noticed a two-headed ogre
 12471 | D:8      | Killed a two-headed ogre
 12472 | D:8      | Reached skill level 10 in Spellcasting
 13101 | D:9      | Reached XP level 11. HP: 54/54 MP: 16/25
 13153 | D:9      | Noticed Erica
 13171 | D:9      | Killed Erica
 13221 | D:9      | You fall into a shaft and drop 1 floor!
 13221 | D:10     | Entered Level 10 of the Dungeon
 13270 | D:10     | Reached skill level 13 in Earth Magic
 13305 | D:10     | Reached ** piety under Vehumet
 13331 | D:10     | Offered knowledge of Freeze by Vehumet.
 13882 | D:10     | Found a sparkling altar of Nemelex Xobeh.
 13965 | D:10     | Offered knowledge of Inner Flame by Vehumet.
 14014 | D:10     | Learned a level 3 spell: Inner Flame
 14040 | D:10     | Noticed a two-headed ogre
 14053 | D:10     | Killed a two-headed ogre
 14054 | D:10     | Reached skill level 1 in Fighting
 14343 | D:10     | Reached *** piety under Vehumet
 14892 | D:11     | Noticed a seven-headed hydra
 15126 | D:11     | Reached skill level 14 in Earth Magic
 15298 | D:11     | Found a staircase to the Lair.
 15324 | D:11     | Noticed an unseen horror
 15333 | D:11     | Killed an unseen horror
 15361 | D:11     | Offered knowledge of Frozen Ramparts by Vehumet.
 15597 | D:11     | Reached XP level 12. HP: 46/65 MP: 17/27
 15696 | D:11     | Noticed a boulder beetle
 15739 | D:11     | Killed a boulder beetle
 15998 | D:11     | Found a staircase to the Orcish Mines.
 17172 | Lair:1   | Entered Level 1 of the Lair of Beasts
 17631 | Lair:1   | Reached **** piety under Vehumet
 18246 | Lair:1   | Offered knowledge of Sticky Flame by Vehumet.
 18252 | Lair:1   | Learned a level 4 spell: Sticky Flame
 18552 | Lair:2   | Reached skill level 5 in Fighting
 18592 | Lair:2   | Reached skill level 15 in Earth Magic
 18791 | Lair:2   | Noticed a catoblepas
 18806 | Lair:2   | Killed a catoblepas
 18900 | Lair:2   | Noticed an eight-headed hydra
 19043 | Lair:2   | Killed an eight-headed hydra
 19556 | Lair:2   | Found a staircase to the Swamp.
 21068 | Lair:3   | Found a gate leading to a gauntlet.
 21089 | Lair:2   | Reached XP level 13. HP: 61/75 MP: 13/30
 21938 | Lair:3   | Learned a level 4 spell: Petrify
 22562 | Lair:4   | Reached skill level 16 in Earth Magic
 22709 | Lair:4   | Noticed Josephine
 22768 | Lair:4   | Killed Josephine
 23381 | Lair:3   | Reached ***** piety under Vehumet
 23574 | Lair:4   | Offered knowledge of Starburst by Vehumet.
 23632 | Lair:4   | Found a blossoming altar of Fedhas.
 24351 | Lair:4   | Found a staircase to the Snake Pit.
 24356 | Lair:4   | Found a runed translucent door.
 24359 | Lair:4   | Found a shimmering altar of Xom.
 24359 | Lair:4   | Noticed Lutiheq's ghost (journeyman DrTm)
 25491 | Lair:5   | Noticed Qoypruj's ghost (journeyman MiGl)
 25801 | Lair:5   | Found a runed translucent door.
 26228 | Lair:6   | Entered Level 6 of the Lair of Beasts
 26618 | Lair:6   | Noticed Kirke
 26636 | Lair:5   | Gained mutation: Your large and strong wings let you fly
                  | indefinitely. [Gargoyle growth]
 26636 | Lair:5   | Reached XP level 14. HP: 72/84 MP: 12/32
 26745 | Lair:5   | Reached skill level 17 in Earth Magic
 27175 | Lair:4   | Noticed a sphinx
 27175 | Lair:4   | Killed Kirke
 27490 | Lair:6   | Found a runed translucent door.
 27492 | Lair:6   | Noticed Fafes's ghost (journeyman DrFE)
 27516 | Lair:6   | Got a steaming turquoise ring
 27523 | Lair:6   | Learned a level 3 spell: Ignite Poison
 29360 | Lair:6   | Offered knowledge of Iron Shot by Vehumet.
 29421 | Lair:5   | Learned a level 6 spell: Iron Shot
 30394 | Orc:1    | Entered Level 1 of the Orcish Mines
 30394 | Orc:1    | Noticed Snorg
 30405 | D:11     | Killed Snorg
 30768 | Orc:1    | Noticed a stone giant
 31103 | Orc:1    | Killed a stone giant
 31104 | Orc:1    | Reached skill level 15 in Spellcasting
 31104 | Orc:1    | Noticed Jorgrun
 31490 | Orc:1    | Killed from afar by an orc priest

Illustrated notes

Levels and vault maps discovered:
D:1:      lightli_arrival_statuegarden, layout_loops_ring
D:2:      layout_basic
D:3:      gammafunk_steamed_eel, layout_loops_corners, minmay_diced_spiral
D:4:      layout_basic, serial_shops, nicolae_shop_crystal,
          nicolae_shop_waterfront, nicolae_shop_crystal, portal_sewer_entry_e,
          minmay_stone_trees_small, minmay_box_of_dots, uniq_edmund
D:5:      old_forge, layout_basic, lemuel_round_altar, guppyfry_shop_venom,
          uniq_ijyb, uniq_pikel, uniq_grinder
D:6:      layout_basic, temple_pool_b
D:7:      layout_basic, nicolae_elemental_shop, hangedman_decor_slide_cut,
          grunt_ministairs_4, minmay_fractal_squares_gapless_5, uniq_menkaure
D:8:      layout_loops_ring, basic_altar, minmay_tree_intersection, uniq_joseph,
          uniq_grum
D:9:      layout_roguey, lemuel_blue_sif_altar, uniq_erica
D:10:     layout_basic, nemelex_xobeh_ov_fountains_minmay
D:11:     layout_loops_ring, due_lair_maze_entry_diamond, david_orc_1_choice,
          minivault_25
Temple:   dpeg_three_leaves_temple
Lair:1:   lemuel_slime, layout_gridlike, grunt_forest_small_clearings
Lair:2:   layout_regular_city, swamp_mist, beast_lair_carwin_7,
          infiniplex_staircase_pool, grunt_megastairs_1
Lair:3:   layout_cave_pods, special_room [special_room_bee],
          gauntlet_entry_generic, nicolae_quartered_pool_medium
Lair:4:   layout_small_grid, guppyfry_snake_entry_island, basic_altar,
          ebering_ghost_xom, uniq_josephine
Lair:5:   layout_cave_pods, minmay_slime_entry_oklob_enclosed,
          hellmonk_ghost_happy_afterlife, serial_bayou_shore_b
Lair:6:   evilmike_catoblepas_cave, layout_long_grid, ebering_ghost_inner_flame,
          hangedman_lair_unloving_vines, uniq_kirke
Orc:1:    layout_caves, portal_ice_cave_entry_pillars_2, uniq_snorg,
          uniq_jorgrun

Skill      XL: |  1  2  3  4  5  6  7  8  9 10 11 12 13 14 |
---------------+-------------------------------------------+-----
Earth Magic    | 4 5 6 7 9 10 12 14 15 16 17 | 17.9
Spellcasting   | 3 4 5 7 8 10 11 13 14 15 | 15.0
Shields        | 1 2 4 |  4.8
Conjurations   | 1 4 5 |  5.5
Fighting       | 3 6 8 9 |  9.6
Dodging        | |  1.5
Stealth        | |  2.1
Transmutations | |  0.7
Evocations     | |  0.7

Action                   |  1- 3 |  4- 6 |  7- 9 | 10-12 | 13-15 || total
-------------------------+-------+-------+-------+-------+-------++-------
Melee: Short sword       |    17 |       |       |       |       ||    17
       Whip              |    43 |   180 |       |       |       ||   223
       Flail             |       |    89 |   281 |   139 |       ||   509
       Morningstar       |       |       |       |   123 |    33 ||   156
       Unarmed           |       |       |       |       |     1 ||     1
 Cast: Sandblast         |    34 |    25 |    17 |       |       ||    76
       Stone Arrow       |       |       |    87 |   413 |   521 ||  1021
       Foxfire           |       |       |       |     5 |       ||     5
       Passwall          |       |       |       |       |     1 ||     1
Evoke: Wand              |       |       |     3 |       |       ||     3
  Use: Scroll            |     1 |     4 |    13 |    10 |     4 ||    32
       Potion            |       |       |       |     2 |     1 ||     3
 Stab: Sleeping          |       |     3 |     2 |     1 |       ||     6
       Held in net/web   |       |       |     1 |       |       ||     1
Armor: Robe              |    47 |   135 |   273 |   420 |   260 ||  1135
Dodge: Dodged            |    95 |   226 |   352 |   499 |   239 ||  1411
Block: Kite shield       |       |    28 |       |       |   141 ||   169
